 Dungeon Crawl Stone Soup version 0.30-a0-393-g54b8e3be05 (webtiles) character file.

Game seed: 4171498954722656939

690 zishaf the Zephyrmancer (level 7, -4/42 HPs)
             Began as a Tengu Air Elementalist on Dec 5, 2022.
             Slain by a black bear (5 damage)
             ... on level 5 of the Dungeon.
             The game lasted 00:07:52 (5686 turns).

zishaf the Zephyrmancer (Tengu Air Elementalist)    Turns: 5686, Time: 00:07:53

Health: -4/42      AC:  2    Str:  8    XL:     7   Next: 63%
Magic:  12/20      EV: 14    Int: 17    God:
Gold:   294        SH:  0    Dex: 15    Spells: 3/10 levels left

rFire   . . .      SeeInvis .    g - +1 short sword (venom)
rCold   . . .      Faith    .    (no shield)
rNeg    . . .      Spirit   .    a - +0 robe
rPois   .          Reflect  .    (helmet restricted)
rElec   .          Harm     .    (no cloak)
rCorr   .          Rampage  .    (no gloves)
Will    .....                    (boots unavailable)
Stlth   ++........               (no amulet)
HPRegen 0.27/turn                k - ring of magical power
MPRegen 0.17/turn                (no ring)

@: flying quickly and evasively, quick
A: beak, talons 3, nimble flight
a: no special abilities


You were on level 5 of the Dungeon.
You visited 1 branch of the dungeon, and saw 5 of its levels.

You collected 294 gold pieces.

Inventory:

Hand Weapons
 d - a +0 dagger
 g - a +1 short sword of venom (weapon)
Missiles
 i - a throwing net
Armour
 a - a +0 robe (worn)
Jewellery
 k - a ring of magical power (left hand)
 p - a ring of fire
 q - a ring of fire
Scrolls
 c - 2 scrolls of identify
 e - 2 scrolls of amnesia
 l - a scroll of magic mapping
Potions
 b - a potion of magic
 f - a potion of berserk rage
 h - a potion of lignification
 m - 4 potions of curing
 n - a potion of cancellation
 o - a potion of haste


   Skills:
 + Level 3.7 Fighting
 - Level 2.1 Dodging
 - Level 2.0 Stealth
 - Level 2.0 Spellcasting
 + Level 5.3 Conjurations
 * Level 8.5 Air Magic


You had 3 spell levels left.
You knew the following spells:

 Your Spells              Type           Power      Damage    Failure   Level
a - Shock                 Conj/Air       100%       1d9       1%          1
b - Airstrike             Air            15%        2d(3-19)  5%          4
A - Static Discharge      Conj/Air       50%        2-5/arc   1%          2

Your spell library contained the following spells:

 Spells                   Type           Power      Damage    Failure   Level
 Swiftness                Air            30%        N/A       1%          3
 Necrotise                Necr           4%         1d4       19%         1
 Gell's Gravitas          Tloc           1%         N/A       50%         3
 Teleport Other           Tloc           1%         N/A       50%         3
 Vampiric Draining        Necr           1%         2d6       50%         3
 Agony                    Necr           1%         N/A       99%         5
 Dispersal                Tloc           0%         N/A       100%        6


Dungeon Overview and Level Annotations

Branches:
Dungeon (5/15)
 Temple: D:4-7

Altars:
Fedhas
Xom
Zin

Shops:
D:3 *   D:4 ?


Innate Abilities, Weirdness & Mutations

You have a beak for a mouth.
You have claws for feet.
Your magical nature lets you fly swiftly and evasively.


Message History

A hound comes into view.
An orc wizard comes into view. It is wielding a +0 dagger.
Found a scroll labelled TOZIYMNA MOCA.
The hound barks!
You barely miss the black bear.
The orc wizard shouts!
You claw the black bear, but do no damage.
The black bear is moderately wounded.
The black bear bites you! The black bear claws you. x2
Casting: Shock (safe; 1% risk of failure)
Confirm with . or Enter, or press ? or * to list all spells.
The black bear is struck by an arc of lightning.
The black bear is heavily wounded.
You are struck by an arc of lightning.
The lightning grounds out.
The black bear bites you. The black bear claws you. x2
Casting: Static Discharge (safe; 1% risk of failure)
Confirm with . or Enter, or press ? or * to list all spells.
The black bear is struck by an arc of lightning.
The black bear is severely wounded.
You are struck by an arc of lightning.
The lightning grounds out.
The black bear goes berserk!
An orc comes into view. It is wielding a +0 club.
The black bear barely misses you.
The black bear claws you but does no damage.
The black bear claws you.
You hear a shout! x2
Casting: Static Discharge (safe; 1% risk of failure)
Confirm with . or Enter, or press ? or * to list all spells.
The black bear is struck by an arc of lightning.
The black bear is severely wounded.
You are struck by an arc of lightning.
* * * LOW HITPOINT WARNING * * *
The hound is struck by an arc of lightning.
The hound is lightly wounded.
The lightning grounds out.
You hear a shout!
The hound closely misses you. The black bear bites you!
* * * LOW HITPOINT WARNING * * *
The black bear closely misses you. The black bear claws you.
You die...

,,,,,**** **,,**8,,8*
,,,,,**,**** *##*,,***,,,,*
,,,,,*,,.?.** *..,,*****,,***
,,,,,*,,...,** *.#*** *⌠,,,,,*
,,,,,,,,....,* ##.# ***,,***
,,,,,,,,.....###..## *_,,,,8*
,,,*,,,,o....#.#.#.## ***,,***
,,,***,,*#..o.......# *,,,,,8*
,,****,***,#...h@...# ***,,***
,,,,,,,,*,.#...h..#### *_,,,,*
,,,,,,,*#....>....#..###*,_*_*
,,,,,,**##.............####***
,,,,,,,,................#.####
,,,**,,,..#.........##.#.....##
,,,**,,,....<.......#####.....###
,,,*,,,,...#...........#........#
,,,,,,,,..####................###


You could see a black bear (berserk), a hound and an orc wizard.

Vanquished Creatures
  A water moccasin (D:5)
  An ogre (D:4)
  A scorpion (D:4)
  A hound (D:5)
  A jelly (D:4)
  3 orc priests (D:4)
  An iguana (D:5)
  7 gnolls
  10 adders
  A worm (D:2)
  3 dart slugs (D:4)
  15 orcs
  6 ball pythons
  9 endoplasms
  4 giant cockroaches
  8 hobgoblins
  3 jackals
  A quokka (D:1)
  6 bats
  2 frilled lizards
  4 goblins
  10 kobolds
  4 rats
102 creatures vanquished.

Vanquished Creatures (others)
  A fungus (D:3)
  A plant (D:3)
2 creatures vanquished.

Grand Total: 104 creatures vanquished

Notes
Turn   | Place    | Note
-------+----------+-------------------------------------------
     0 | D:1      | zishaf the Tengu Air Elementalist began the quest for the
                  | Orb.
     0 | D:1      | Reached XP level 1. HP: 10/10 MP: 4/4
   156 | D:1      | You fall into a shaft and drop 1 floor!
   197 | D:2      | Reached XP level 2. HP: 8/16 MP: 0/6
   383 | D:1      | Reached skill level 1 in Fighting
   527 | D:1      | Reached XP level 3. HP: 20/20 MP: 7/7
   828 | D:1      | Reached skill level 5 in Air Magic
  1051 | D:2      | Learned a level 2 spell: Static Discharge
  1200 | D:2      | Reached XP level 4. HP: 15/25 MP: 8/8
  1865 | D:2      | Gained mutation: Your magical nature lets you fly swiftly
                  | and evasively. [Tengu growth]
  1865 | D:2      | Reached XP level 5. HP: 30/30 MP: 9/9
  1925 | D:3      | Found Gocuodue's Assorted Antiques.
  1933 | D:2      | Reached skill level 6 in Air Magic
  2385 | D:3      | Found a glowing silver altar of Zin.
  2511 | D:3      | Found a faded altar of an unknown god.
  3386 | D:4      | Found a blossoming altar of Fedhas.
  3604 | D:4      | Noticed an ogre
  3610 | D:4      | Reached XP level 6. HP: 36/36 MP: 10/10
  3702 | D:4      | Reached skill level 7 in Air Magic
  4038 | D:4      | Found Qiborchiofy's Magic Scroll Boutique.
  4188 | D:4      | HP: 1/37 [poisoned by an orc]
  4385 | D:4      | Reached XP level 7. HP: 41/41 MP: 11/11
  4863 | D:4      | Found a shimmering altar of Xom.
  4864 | D:4      | Found a shimmering altar of Xom.
  4864 | D:4      | Found a shimmering altar of Xom.
  4864 | D:4      | Found a shimmering altar of Xom.
  4873 | D:4      | Found a shimmering altar of Xom.
  4878 | D:4      | Found a shimmering altar of Xom.
  5282 | D:5      | Entered Level 5 of the Dungeon
  5343 | D:5      | Reached skill level 8 in Air Magic
  5432 | D:5      | Reached skill level 5 in Conjurations
  5437 | D:5      | Learned a level 4 spell: Airstrike
  5686 | D:5      | HP: 1/42 [black bear (12)]
  5686 | D:5      | Slain by a black bear

Illustrated notes

Levels and vault maps discovered:
D:1:      elethiomel_arrival_quiet, layout_basic, kennysheep_nondescript
D:2:      minmay_skewed_foursquare, layout_basic
D:3:      layout_basic, mainiacjoe_overflow_alcove_2,
          shapermc_ecumenical_altar_gd, serial_shops, shop, minmay_between
D:4:      layout_layer_cave, xom_redecorated, fedhas_ov_isle_minmay,
          serial_shops, shop, minmay_pentomino_pile
D:5:      layout_cave_pools, lemuel_coloured_pillars_altar,
          kennysheep_little_box, nicolae_overflow_crystal_walls, minitemple

Skill      XL: |  1  2  3  4  5  6  7 |
---------------+----------------------+-----
Conjurations   | 2 3 4 5 |  5.3
Fighting       | 1 2 3 |  3.7
Air Magic      | 5 6 7 8 |  8.5
Dodging        | |  2.1
Stealth        | |  2.0
Spellcasting   | |  2.0

Action                   |  1- 3 |  4- 6 |  7- 9 || total
-------------------------+-------+-------+-------++-------
Melee: Dagger            |     8 |       |       ||     8
       Short sword       |    53 |    20 |     1 ||    74
       Kick              |    10 |     8 |     1 ||    19
       Peck              |     9 |     4 |       ||    13
 Cast: Shock             |    31 |    91 |    29 ||   151
       Static Discharge  |       |    20 |    16 ||    36
  Use: Scroll            |       |    13 |     2 ||    15
 Stab: Sleeping          |     4 |     2 |       ||     6
Armor: Robe              |    13 |     3 |     1 ||    17
Dodge: Dodged            |    38 |    40 |    16 ||    94

Table legend: (Time is in decaauts)
 A = Elapsed time spent in this place.
 B = Non-inter-level travel time spent in this place.
 C = Inter-level travel time spent in this place.
 D = Time resting spent in this place.
 E = Time spent auto-exploring this place.
 F = Levels seen in this place.
 G = Mean time per level.
                   A        B        C        D        E       F      G
               +--------+--------+--------+--------+--------+-----+--------+
         Total |   5448 |   5216 |    232 |    578 |   3971 |   5 | 1089.6 |
       Dungeon |   5448 |   5216 |    232 |    578 |   3971 |   5 | 1089.6 |
               +--------+--------+--------+--------+--------+-----+--------+

Top non-repeatable levels by time:
     D:4: 1924 daAuts
     D:2: 1139 daAuts
     D:3: 1006 daAuts
     D:1: 990 daAuts
     D:5: 388 daAuts
